 Dungeon Sprint DCSS version 0.19-a0-376-gf780d9b (webtiles) character file.

6784 namelastname112 the Unseen (level 10, -12/85 HPs)
             Began as a Vampire Enchanter on May 30, 2016.
             Was a High Priest of Dithmenos.
             Mangled by a blink frog (20 damage)
             ... in the Dungeon (Sprint III: "The Ten Rune Challenge").
             The game lasted 00:07:14 (2860 turns).

namelastname112 the Unseen (Vampire Enchanter)      Turns: 2860, Time: 00:07:15

Health: -12/85     AC:  0    Str:  7    XL:     10   Next: 76%
Magic:  1/24       EV: 34    Int: 17    God:    Dithmenos [*****.]
Gold:   3424       SH:  0    Dex: 24    Spells: 4 memorised, 20 levels left

rFire  . . .     SeeInvis +     (weapon currently unavailable)
rCold  + . .     Gourm    .     (armour currently unavailable)
rNeg   + + .     Faith    .     (shield currently unavailable)
rPois  +         Spirit   .     (helmet currently unavailable)
rElec  .         Dismiss  .     (cloak currently unavailable)
rCorr  .         Reflect  .     (gloves currently unavailable)
SustAt .         Harm     .     (boots currently unavailable)
MR     +....     NoTele   +     (no amulet)
Stlth  ++++++++++               (ring currently unavailable)
                                (ring currently unavailable)

@: bat-form, flying, regenerating slowly, wreathed by umbra, very quick,
somewhat resistant to hostile enchantments, uncannily stealthy
A: fangs 3, (molten scales 0), (thin metallic scales 0), see invisible, blink,
(unbreathing)
a: End Transformation, Blink, Shadow Step, Shadow Form, Renounce Religion


You were in the Dungeon.
You worshipped Dithmenos.
Dithmenos was extremely pleased with you.
You were thirsty.
You were in vampire-bat-form.
You visited 1 branch You collected 3446 gold pieces.
You spent 22 gold pieces at shops.

Inventory:

Hand Weapons
 a - a +1 dagger (melded)
Armour
 b - a +1 robe (melded)
 k - a +0 cloak (melded)
Scrolls
 j - a scroll of blinking
 m - a scroll of torment {unknown}
 n - a scroll of magic mapping {unknown}
 o - 3 scrolls of remove curse
 r - a scroll of holy word {unknown}
Potions
 d - 18 potions of blood
 e - 2 potions of curing
 g - a potion of haste
 i - 2 potions of berserk rage
 l - a potion of mutation
 p - a potion of cure mutation
 q - 2 potions of flight
 t - a potion of might
Books
 c - a book of Maledictions

   Spells                             Type                      Level
   a - Corona                         Hexes                        1
   b - Ensorcelled Hibernation        Hexes/Ice                    2
   c - Confuse                        Hexes                        3
   d - Tukima's Dance                 Hexes                        3
   e - Dazzling Spray                 Conjuration/Hexes            3
 h - an Akashic Record

   Spells                             Type                      Level
   a - Dispersal                      Translocation                6
   b - Malign Gateway                 Summoning/Translocation      7
   c - Disjunction                    Translocation                8
   d - Controlled Blink               Translocation                8


   Skills:
 + Level 9.9 Fighting
 + Level 11.6 Short Blades
 + Level 11.9 Dodging
 + Level 16.1 Stealth
 + Level 10.2 Spellcasting
 + Level 15.2 Hexes


You had 20 spell levels left.
You knew the following spells:

 Your Spells              Type           Power        Failure   Level  Hunger
a - Corona                Hex            ######.      0%          1    None
c - Dazzling Spray        Conj/Hex       ####..       1%          3    None
x - Confuse               Hex            ######..     1%          3    None
z - Ensorcelled Hibernat  Hex/Ice        ####..       1%          2    None


Dungeon Overview and Level Annotations

Branches:
Dungeon (1/1)

Altars:
Cheibriados
Dithmenos
Elyvilon
Fedhas
Gozag
Hepliaklqana
Kikubaaqudgha
Makhleb
Nemelex Xobeh
Okawaru
Pakellas
Qazlal
Ru
Sif Muna
Trog
Ukayaw
Vehumet
Xom
Yredelemnul
Zin
The Shining One
Jiyva
Lugonu

Shops:
D *


Innate Abilities, Weirdness & Mutations

You heal slowly.
You have razor-sharp teeth.
You have supernaturally acute eyesight. (SInv)
((You can survive without breathing.))
((You are partially covered in molten scales. (AC +1)))
((You are partially covered in thin metallic scales. (AC +2)))
You can translocate small distances at will.


Message History

The blink frog misses you. The blink frog misses you. x2
You hit the blink frog.
The blink frog is moderately wounded.
The blink frog misses you. x2
You hit the blink frog.
The blink frog is heavily wounded.
Your shadow misses the blink frog. The blink frog completely misses you.
You turn into a vampire bat.
Your +1 dagger melds into your body.
Your +0 cloak melds into your body.
Your +1 robe melds into your body.
The blink frog completely misses you. The blink frog hits you!!
* * * LOW HITPOINT WARNING * * *
The blink frog blinks!
The blink frog completely misses you.
You take 20 damage, and have 7/85 hp.
MASSIVE DAMAGE!!
You now have 0/24 mp.
The blink frog blinks!
The blink frog blinks!
There is an open door here.
The blink frog blinks!
The blink frog hits you!!
You die...

'#..≈≈≈≈≈≈...#...######'#..######
.#.≈≈≈≈≈≈....#.⌠.#__#...#'#######
.#.≈≈≈≈≈.....#...#__#...#..≈≈§§.#
.#.≈≈≈.......#)###__#.).#.#§§≈#.#
##...........#_..#__#..)))#§§.#.#
.............#___#__'...#.#§)§#..
▓▓▓▓▓▓▓▓▓▓▓▓▓▓▓▓▓▓▓▓▓▓▓▓▓▓▓▓▓▓▓▓▓
+≈≈≈§≈§≈..♣♣.....♣♣♣♣≈≈≈........≈
#.≈.§§§≈§≈♣♣.≈≈Fb'♣♣'♣≈≈≈≈≈≈≈≈≈≈≈
#≈.≈§§§§≈≈F'.....#.≈♣♣♣♣♣♣♣♣♣♣♣♣♣
#≈≈≈§§≈†≈≈♣♣♣♣♣♣♣#..♣ #≈≈≈≈≈†.≈≈♣
###+ ####+######


You could see 2 blink frogs.

Vanquished Creatures
  A centaur warrior (D)
  Erica (D)
  An orc high priest (D)
  An unseen horror (D)
  A deep elf mage (D)
  2 spiny frogs (D)
  A rime drake (D)
  A komodo dragon (D)
  3 wandering mushrooms (D)
  3 blink frogs (D)
  A shadow (D)
  A spatial vortex (D)
  A swamp drake (D)
  4 orc warriors (D)
  A necrophage (D)
  2 centaurs (D)
  An earth elemental (D)
  A water elemental (D)
  A wizard (D)
  A jelly (D)
  Crazy Yiuf (D)
  4 orc priests (D)
  2 orc wizards (D)
  Jessica (D)
  A necromancer (D)
  3 humans (D)
  A kobold demonologist (D)
  An ooze (D)
  7 orcs (D)
  2 rats (D)
52 creatures vanquished.

Vanquished Creatures (others)
  2 draconian scorchers (D)
  6 hellions (D)
  3 yaktaurs (D)
  2 plants (D)
13 creatures vanquished.

Grand Total: 65 creatures vanquished

Notes
Turn   | Place    | Note
--------------------------------------------------------------
     0 | D        | namelastname112 the Vampire Enchanter began the quest for the Orb.
     0 | D        | Reached XP level 1. HP: 13/13 MP: 3/3
     8 | D        | Reached skill level 5 in Stealth
    13 | D        | Noticed Jessica
    26 | D        | Killed Jessica
    26 | D        | Reached skill level 1 in Fighting
    26 | D        | Reached skill level 5 in Hexes
    26 | D        | Reached XP level 2. HP: 22/22 MP: 6/6
    26 | D        | Reached XP level 3. HP: 27/27 MP: 7/7
    28 | D        | jacquesderrida: JESSKER
    30 | D        | crauler: пососите зейпиас
    34 | D        | Learned a level 3 spell: Confuse
    37 | D        | Learned a level 2 spell: Ensorcelled Hibernation
    45 | D        | jacquesderrida: DALI PASASAT
    46 | D        | Noticed Crazy Yiuf
    51 | D        | jacquesderrida: KREZER
    63 | D        | Killed Crazy Yiuf
    63 | D        | Reached skill level 6 in Stealth
    64 | D        | jacquesderrida: HE IS EBNUTY
    74 | D        | Reached XP level 4. HP: 25/34 MP: 3/9
   116 | D        | Killed a hellion
   134 | D        | Killed a hellion
   141 | D        | Killed a hellion
   142 | D        | Killed a hellion
   142 | D        | Killed a hellion
   224 | D        | jacquesderrida: ITENS
   241 | D        | Killed a white draconian scorcher
   294 | D        | Killed a white draconian scorcher
   307 | D        | Killed a yaktaur
   370 | D        | Killed a hellion
   390 | D        | jacquesderrida: ЩА ЕЛЬФЫ БУДУТ
   486 | D        | jacquesderrida: ВИЕБУТ
   528 | D        | Killed a yaktaur
   567 | D        | Learned a level 3 spell: Dazzling Spray
   594 | D        | Noticed a water elemental
   597 | D        | Killed a water elemental
   597 | D        | Reached skill level 7 in Stealth
   597 | D        | Reached XP level 5. HP: 41/41 MP: 9/11
   799 | D        | jacquesderrida: WATER EMENTAL
  1047 | D        | crauler: чет ты даже не голодный
  1169 | D        | crauler: во
  1285 | D        | Killed a yaktaur
  1446 | D        | jacquesderrida: ORKI SPRAVA
  1531 | D        | jacquesderrida: INFA SOTKA
  1612 | D        | Found a hide-covered altar to Ukayaw.
  1612 | D        | Found a radiant altar of Vehumet.
  1612 | D        | Found a deep blue altar of Sif Muna.
  1612 | D        | Found an ancient bone altar of Kikubaaqudgha.
  1614 | D        | jacquesderrida: ebat
  1621 | D        | Reached skill level 5 in Dodging
  1621 | D        | Reached skill level 8 in Stealth
  1630 | D        | Noticed a chaos spawn
  1751 | D        | crauler: ммм
  1813 | D        | jacquesderrida: PABEDEEL
  1921 | D        | crauler: точно
  1927 | D        | Found a glowing silver altar of Zin.
  1927 | D        | Found a glowing golden altar of the Shining One.
  1927 | D        | Found a white marble altar of Elyvilon.
  1928 | D        | Noticed a deep elf mage
  1930 | D        | Killed a deep elf mage
  1930 | D        | Reached skill level 5 in Fighting
  1930 | D        | Reached skill level 10 in Stealth
  1930 | D        | Reached skill level 10 in Hexes
  1930 | D        | Reached XP level 6. HP: 51/51 MP: 13/15
  1930 | D        | Reached XP level 7. HP: 56/56 MP: 13/16
  1938 | D        | Found a hazy altar of Hepliaklqana.
  1938 | D        | Found an iron altar of Okawaru.
  1938 | D        | Found a bloodstained altar of Trog.
  1938 | D        | Noticed a human
  1938 | D        | Noticed a human
  1941 | D        | Killed a human
  1941 | D        | Reached skill level 11 in Stealth
  1944 | D        | Killed a human
  1957 | D        | Found a basalt altar of Yredelemnul.
  1957 | D        | Found a snail-covered altar of Cheibriados.
  1957 | D        | Found a blossoming altar of Fedhas.
  1958 | D        | crauler: берешь укаю получаешь пити на финал и ебашишь лобона
  1972 | D        | Noticed a shadow
  1975 | D        | Killed a shadow
  1975 | D        | Reached XP level 8. HP: 65/65 MP: 18/18
  1982 | D        | Found an oddly glowing altar of Pakellas.
  1982 | D        | Found a stormy altar of Qazlal.
  1982 | D        | Found a sacrificial altar of Ru.
  1982 | D        | Found a burning altar of Makhleb.
  1982 | D        | Found a shimmering altar of Xom.
  1983 | D        | Found a viscous altar of Jiyva.
  1983 | D        | Found a shadowy altar of Dithmenos.
  1983 | D        | Found a sparkling altar of Nemelex Xobeh.
  1983 | D        | Found a corrupted altar of Lugonu.
  1983 | D        | Found an opulent altar of Gozag.
  1989 | D        | jacquesderrida: UKULELE
  2102 | D        | Reached skill level 12 in Stealth
  2106 | D        | Became a worshipper of Dithmenos the Shadowed
  2177 | D        | Noticed Erica
  2179 | D        | Killed Erica
  2179 | D        | Reached skill level 13 in Stealth
  2182 | D        | jacquesderrida: ERIC
  2189 | D        | Found Vyrchiuj's General Store.
  2190 | D        | Noticed an orc high priest
  2192 | D        | jacquesderrida: ORKEE
  2240 | D        | jacquesderrida: V'EBOOT
  2247 | D        | crauler: sps za annotacii!
  2253 | D        | Reached * piety under Dithmenos
  2253 | D        | Reached XP level 9. HP: 72/72 MP: 17/21
  2258 | D        | jacquesderrida: SPS CRAULIR!!!!!!
  2317 | D        | Reached ** piety under Dithmenos
  2353 | D        | jacquesderrida: EBAT ZOLOTA
  2358 | D        | jacquesderrida: MNOGA
  2363 | D        | Reached *** piety under Dithmenos
  2447 | D        | Killed an orc high priest
  2447 | D        | Reached **** piety under Dithmenos
  2447 | D        | Reached skill level 10 in Short Blades
  2447 | D        | Reached skill level 10 in Dodging
  2447 | D        | Reached skill level 14 in Stealth
  2599 | D        | Bought a scroll of identify for 22 gold pieces
  2605 | D        | Noticed a deep elf mage
  2605 | D        | Noticed a deep elf mage
  2605 | D        | Noticed a deep elf mage
  2605 | D        | Noticed a deep elf mage
  2605 | D        | Noticed a deep elf mage
  2628 | D        | Noticed a centaur warrior
  2632 | D        | Killed a centaur warrior
  2632 | D        | Reached ***** piety under Dithmenos
  2633 | D        | Reached XP level 10. HP: 82/82 MP: 21/23
  2649 | D        | Noticed an unseen horror
  2651 | D        | Killed an unseen horror
  2651 | D        | Reached skill level 15 in Stealth
  2677 | D        | Noticed a spiny frog
  2677 | D        | Noticed a spiny frog
  2680 | D        | Killed a spiny frog
  2682 | D        | Killed a spiny frog
  2800 | D        | Reached skill level 10 in Spellcasting
  2820 | D        | Reached skill level 16 in Stealth
  2820 | D        | Reached skill level 15 in Hexes
  2834 | D        | jacquesderrida: БЛИНКИР
  2846 | D        | Gained mutation: You can translocate small distances at will. [potion of mutation]
  2846 | D        | Gained mutation: You are partially covered in molten scales. (AC +1) [potion of mutation]
  2846 | D        | Gained mutation: You are partially covered in thin metallic scales. (AC +2) [potion of mutation]
  2860 | D        | Mangled by a blink frog

Vault maps used:
D:        dungeon_sprint_mu

Skill      XL: |  1  2  3  4  5  6  7  8  9 10 |
---------------+-------------------------------+-----
Stealth        | 5 6 7 10 11 13 14 16 | 16.1
Fighting       | 1 2 3 5 6 7 8 9 |  9.9
Short Blades   | 2 3 4 6 8 9 10 11 | 11.6
Dodging        | 3 4 7 8 9 10 11 | 11.9
Spellcasting   | 3 4 6 7 8 9 10 | 10.2
Hexes          | 5 6 7 10 11 12 13 15 | 15.2

Action                   |  1- 3 |  4- 6 |  7- 9 | 10-12 || total
-------------------------+-------+-------+-------+-------++-------
Melee: Dagger            |    27 |    12 |    43 |    27 ||   109
       Bite              |     5 |       |     2 |     1 ||     8
 Cast: Confuse           |     2 |     4 |     2 |       ||     8
       Dazzling Spray    |       |     2 |    13 |     1 ||    16
       Ensorcelled Hiber |       |       |    19 |    11 ||    30
Invok: Shadow Step       |       |       |       |     1 ||     1
 Abil: Blink             |       |       |       |     1 ||     1
       Bat Form          |       |       |       |     1 ||     1
  Use: Potion            |       |     3 |       |     3 ||     6
       Scroll            |       |       |     2 |       ||     2
 Stab: Sleeping          |     2 |     2 |    24 |    12 ||    40
       Confused          |     3 |     1 |     2 |       ||     6
       Invisible         |       |       |     2 |       ||     2
Armor: Robe              |     3 |     8 |     1 |     2 ||    14
Dodge: Dodged            |    12 |    12 |    15 |    48 ||    87
